 Dungeon Crawl Stone Soup version 0.28-a0-1033-g1a2f33fa85 (webtiles) character file.

Game seed: 4077930072143682512

5890 ytrimaz the Grappler (level 10, -2/69 (76) HPs)
             Began as a Demonspawn Fighter on Dec 7, 2021.
             Was a Priest of Nemelex Xobeh.
             Slain by a wight (3 damage)
             ... on level 10 of the Dungeon.
             The game lasted 00:10:23 (11785 turns).

ytrimaz the Grappler (Demonspawn Fighter)          Turns: 11785, Time: 00:10:24

HP:   -2/69 (76)    AC: 10    Str: 21    XL:     10   Next: 53%
MP:   0/15          EV:  9    Int:  9    God:    Nemelex Xobeh [***...]
Gold: 529           SH:  5    Dex: 13    Spells: 9/9 levels left

rFire   . . .      SeeInvis .     - Unarmed
rCold   . . .      Faith    .   c - +0 buckler
rNeg    . . .      Spirit   +   b - +1 scale mail
rPois   +          Reflect  .   (helmet restricted)
rElec   .          Harm     .   u - +0 cloak
rCorr   .          Rampage  .   (no gloves)
Will    .....                   (no boots)
Stlth   ..........              j - amulet of guardian spirit
HPRegen 0.21/turn               l - ring of poison resistance
MPRegen 0.14/turn               (no ring)

@: drained
A: antennae 1, hooves 1, demonic guardian 2, foul stench 1, demonic touch 1
a: Renounce Religion, Draw Escape, Draw Destruction, Draw Summoning, Triple Draw


You were on level 10 of the Dungeon.
You worshipped Nemelex Xobeh.
Nemelex Xobeh was most pleased with you.
You visited 2 branches of the dungeon, and saw 11 of its levels.

You collected 529 gold pieces.

Inventory:

Hand Weapons
 a - a +0 rapier of flaming
Armour
 b - a +1 scale mail (worn)
 c - a +0 buckler (worn)
 u - a +0 cloak (worn)
Jewellery
 j - an amulet of guardian spirit (around neck)
 l - a ring of poison resistance (left hand)
 o - a +6 ring of intelligence
 z - a ring of protection from fire
Wands
 f - a wand of flame (7)
 m - a wand of polymorph (12)
Scrolls
 e - 4 scrolls of blinking
 g - a scroll of enchant armour
 h - 4 scrolls of fear
 i - 2 scrolls of teleportation
 q - a scroll of vulnerability
 t - 2 scrolls of magic mapping
 w - a scroll of amnesia
 x - a scroll of fog
 y - 3 scrolls of brand weapon
Potions
 d - 2 potions of might
 k - a potion of resistance
 n - a potion of lignification
 p - 2 potions of mutation {unknown}
 r - 2 potions of curing
 s - a potion of heal wounds
 v - a potion of haste


   Skills:
 + Level 5.8 Fighting
 - Level 6.0 Short Blades
 + Level 7.9 Armour
 - Level 4.0 Shields
 * Level 8.2 Unarmed Combat
 * Level 6.9 Invocations


You had 9 spell levels left.
You didn't know any spells.
Your spell library contained the following spells:

 Spells                   Type           Power      Damage    Failure   Level
 Summon Small Mammal      Summ           0%         N/A       69%         1
 Call Canine Familiar     Summ           0%         N/A       96%         3
 Summon Guardian Golem    Hex/Summ       0%         N/A       96%         3
 Airstrike                Air            0%         N/A       100%        4
 Summon Lightning Spire   Summ/Air       0%         N/A       100%        4
 Lightning Bolt           Conj/Air       0%         1d11      100%        5


Dungeon Overview and Level Annotations

Branches:
Dungeon (10/15)            Temple (1/1) D:5            Lair (0/6) D:8
    Orc: D:9-12

Altars:
Ashenzari
Cheibriados
Dithmenos
Elyvilon
Fedhas
Gozag
Hepliaklqana
Makhleb
Nemelex Xobeh
Okawaru
Qazlal
Ru
Sif Muna
Trog
Uskayaw
Vehumet
Wu Jian
Xom
Yredelemnul
Zin
The Shining One

Shops:
D:1 [   D:4 :


Innate Abilities, Weirdness & Mutations

You have a pair of small antennae on your head.
You have large cloven feet.
A demonic guardian rushes to your aid.
You may rarely emit foul miasma when damaged in melee.
Your touch may inflict minor irresistible damage on your foes.


Message History

The wight hits you with a +0 battleaxe!
You closely miss the orc. You kick the orc.
You kill the orc!
The wight misses you.
Unknown command.
You are too injured to fight recklessly!
You are too injured to fight recklessly!
You are too injured to fight recklessly!
You barely miss the wight. The wight hits you with a +1 hand axe!
You feel drained.
The wight hits your rust devil with a +1 hand axe.
The wight hits you with a +0 battleaxe!
* * * LOW HITPOINT WARNING * * *
You feel drained.
* * * LOW HITPOINT WARNING * * *
You hit the wight. You kick the wight.
The wight is lightly damaged.
Your rust devil hits the wight!
Your rust devil corrodes the wight!
The wight barely misses your rust devil.
The wight barely misses you. The wight hits you with a +0 battleaxe!
* * * LOW HITPOINT WARNING * * *
You hit the wight.
You destroy the wight!
The wight hits you but does no damage.
The wight barely misses your rust devil.
Unknown command.
Unknown command.
Your rust devil hits the wight.
Your rust devil corrodes the wight!
Things that are here:
a +0 dagger; a +0 robe You barely miss the wight.
The wight is moderately damaged.
Your rust devil completely misses the wight.
You punch the wight! Your kick misses the wight.
The wight is almost destroyed.
The wight hits you with a +0 battleaxe!
* * * LOW HITPOINT WARNING * * *
You feel drained.
You die...
Your body glows slightly and disappears.

## #.## #...## ##.....##
..... ###........
........# ##.z@.......
......$.#####..4###.....
........##.......#####..
........#............
#..............)......
.............).).....#
............)).......#
..............).......
.....†....#....○○.##..


You could see a wight (corroded, ally target) and a friendly rust devil
(summoned).

Vanquished Creatures
  A two-headed ogre (D:8)
  A troll (D:9)
  4 yaks
  Grum (D:8)
  Edmund (D:4)
  An acid dragon (D:10)
  An ice beast (D:5)
  An orc warrior (D:8)
  2 necrophages
  4 wolves (D:8)
  3 ogres
  A kobold brigand (D:7)
  2 bullfrogs (D:7)
  A wyvern zombie (D:5)
  A gnoll sergeant (D:8)
  18 killer bees
  7 wights
  A howler monkey (D:6)
  2 orc priests
  A centaur zombie (D:7)
  A centaur skeleton (D:6)
  2 hounds
  A jelly (D:6)
  A gnoll shaman (D:8)
  Ijyb (D:3)
  2 iguanas
  5 orc wizards
  2 adders (D:2)
  12 gnolls
  A river rat (D:7)
  An adder skeleton (D:4)
  A worm (D:5)
  2 dart slugs
  16 orcs
  8 ball pythons
  7 endoplasms
  4 giant cockroaches
  7 goblins
  7 hobgoblins
  7 jackals
  2 quokkas (D:2)
  5 bats
  4 frilled lizards
  13 kobolds
  5 rats
171 creatures vanquished.

Vanquished Creatures (collateral kills)
  Grinder (D:4)
  A troll (D:9)
  2 yaks (D:9)
  A water moccasin (D:9)
  3 killer bees
  2 wights
  A bullfrog skeleton (D:5)
  A jelly (D:4)
  An orc wizard (D:10)
  2 gnolls (D:8)
  A white imp (D:6)
  2 orcs
  A goblin (D:4)
  A ball python (D:4)
20 creatures vanquished.

Vanquished Creatures (others)
  15 plants
15 creatures vanquished.

Grand Total: 206 creatures vanquished

Notes
Turn   | Place    | Note
-------+----------+-------------------------------------------
     0 | D:1      | ytrimaz the Demonspawn Fighter began the quest for the Orb.
     0 | D:1      | Reached XP level 1. HP: 18/18 MP: 1/1
   275 | D:1      | Discovered your monstrous ancestry.
   275 | D:1      | Gained mutation: You have large cloven feet. [demonic
                  | ancestry]
   275 | D:1      | Reached XP level 2. HP: 19/24 MP: 2/2
   812 | D:1      | Found Piriez's Armour Boutique.
   833 | D:1      | Reached XP level 3. HP: 25/29 MP: 3/3
  1689 | D:2      | Found a faded altar of an unknown god.
  1918 | D:3      | Gained mutation: You may rarely emit foul miasma when
                  | damaged in melee. [demonic ancestry]
  1918 | D:3      | Reached XP level 4. HP: 34/35 MP: 4/4
  2087 | D:3      | Noticed Ijyb
  2101 | D:3      | Killed Ijyb
  2112 | D:3      | Found a shimmering blue altar of Sif Muna.
  2319 | D:3      | Gained mutation: A weak demonic guardian rushes to your
                  | aid. [demonic ancestry]
  2319 | D:3      | Reached XP level 5. HP: 30/41 MP: 5/5
  2519 | D:3      | Found a broken altar of Ashenzari.
  2747 | D:4      | Noticed a necrophage
  2757 | D:4      | Killed a necrophage
  2909 | D:4      | Noticed an ogre
  2918 | D:4      | Killed an ogre
  2919 | D:4      | Gained mutation: A demonic guardian rushes to your aid.
                  | [demonic ancestry]
  2919 | D:4      | Reached XP level 6. HP: 24/48 MP: 6/6
  3150 | D:4      | Noticed Grinder
  3394 | D:4      | Paralysed by Grinder for 2 turns
  3397 | D:4      | Killed Grinder
  3398 | D:4      | Reached skill level 5 in Short Blades
  3398 | D:4      | Gained mutation: You have a pair of small antennae on your
                  | head. [demonic ancestry]
  3398 | D:4      | Reached XP level 7. HP: 34/54 MP: 7/7
  3631 | D:4      | Found a hazy altar of Hepliaklqana.
  3715 | D:4      | Found Teymp's Book Boutique.
  3715 | D:4      | Noticed Edmund
  3725 | D:4      | Killed Edmund
  4253 | D:5      | Entered Level 5 of the Dungeon
  4438 | D:5      | Reached skill level 5 in Armour
  4590 | D:5      | Found a staircase to the Ecumenical Temple.
  4665 | Temple   | Entered the Ecumenical Temple
  4925 | Temple   | Became a worshipper of Nemelex Xobeh the Trickster
  5038 | D:5      | Reached skill level 1 in Invocations
  5038 | D:5      | Gained mutation: Your touch may inflict minor irresistible
                  | damage on your foes. [demonic ancestry]
  5038 | D:5      | Reached XP level 8. HP: 61/61 MP: 7/9
  5572 | D:6      | Reached skill level 1 in Unarmed Combat
  5632 | D:6      | Reached * piety under Nemelex Xobeh
  5679 | D:6      | You fall into a shaft and drop 3 floors!
  5684 | D:9      | Received a gift from Nemelex Xobeh
  5749 | D:9      | Reached skill level 2 in Unarmed Combat
  5907 | D:9      | Noticed a troll
  5919 | D:9      | HP: 2/61 [troll (4)]
  5927 | D:9      | Killed a troll
  5928 | D:9      | Reached skill level 5 in Fighting
  5928 | D:9      | Reached skill level 3 in Unarmed Combat
  6347 | D:9      | Reached XP level 9. HP: 23/68 MP: 6/12
  6349 | D:9      | Reached skill level 4 in Unarmed Combat
  6644 | D:9      | Noticed a troll
  6652 | D:9      | Killed a troll
  7094 | D:8      | Found a staircase to the Lair.
  7500 | D:8      | Found a snail-covered altar of Cheibriados.
  7518 | D:8      | Noticed a two-headed ogre
  7543 | D:8      | Killed a two-headed ogre
  7544 | D:8      | Reached skill level 5 in Unarmed Combat
  7544 | D:8      | Reached skill level 5 in Invocations
  7564 | D:8      | Reached skill level 6 in Unarmed Combat
  7904 | D:8      | Found a burning altar of Makhleb.
  7920 | D:8      | Reached ** piety under Nemelex Xobeh
  8327 | D:8      | Received a gift from Nemelex Xobeh
  9008 | D:6      | Reached XP level 10. HP: 60/66 MP: 14/14
  9401 | D:7      | Found an iron altar of Okawaru.
  9484 | D:7      | Received a gift from Nemelex Xobeh
 10004 | D:7      | Reached skill level 7 in Unarmed Combat
 10553 | D:8      | Reached *** piety under Nemelex Xobeh
 10951 | D:8      | Noticed Grum
 10966 | D:8      | Killed Grum
 11746 | D:10     | Entered Level 10 of the Dungeon
 11751 | D:10     | Reached skill level 8 in Unarmed Combat
 11785 | D:10     | HP: 1/72 [wight (12)]
 11785 | D:10     | Slain by a wight

Illustrated notes

Levels and vault maps discovered:
D:1:      giann_horns, layout_rooms, serial_shops, nicolae_shop_behind_doors,
          serial_bayou_lagoon_a
D:2:      wander_river, layout_loops_ring, basic_ecumenical_altar,
          nicolae_elevator_lobby_asterisk
D:3:      layout_rooms, mainiacjoe_overflow_swirl, uniq_ijyb
D:4:      minmay_evil_eye, layout_basic, mainiacjoe_overflow_tiny_flanked,
          mainiacjoe_overflow_concentric_impassable, serial_shops,
          nicolae_stop_n_shop_1, uniq_edmund, uniq_grinder
D:5:      layout_loops_cross, minmay_temple_entry_gardened_gates,
          dk_noncrumbling_2
D:6:      layout_gridville, feat_on_display
D:7:      layout_loops_ring, mainiacjoe_overflow_surrounded_room, serial_rivers,
          chequers_serial_rivers_room_a, chequers_serial_rivers_small_b,
          chequers_serial_rivers_large_a, chequers_serial_rivers_small_b,
          chequers_serial_rivers_micro_d
D:8:      layout_basic, amcnicky_altar_gilded, overflow_temple_1_default,
          lair_entry_dummy, uniq_grum
D:9:      layout_loops_ring, hex_medium
D:10:     minmay_flawed_box, layout_cave_pools, tgw_kikubaaqudgha,
          enter_bailey_3
Temple:   minmay_temple_curvy_branch

Skill      XL: |  1  2  3  4  5  6  7  8  9 10 |
---------------+-------------------------------+-----
Short Blades   | 2 3 4 5 6 |  6.0
Armour         | 3 4 5 6 7 |  7.9
Shields        | 3 4 |  4.0
Fighting       | 4 5 |  5.8
Invocations    | 1 4 6 |  6.9
Unarmed Combat | 3 6 8 |  8.2

Action                   |  1- 3 |  4- 6 |  7- 9 | 10-12 || total
-------------------------+-------+-------+-------+-------++-------
Melee: Rapier            |   129 |   113 |    70 |       ||   312
       Kick              |    20 |    28 |   114 |    44 ||   206
       Unarmed           |       |       |   263 |   116 ||   379
Invok: Draw Destruction  |       |       |       |     7 ||     7
  Use: Scroll            |     6 |     2 |     3 |     3 ||    14
       Potion            |       |       |     3 |       ||     3
Armor: Scale mail        |    69 |    40 |   103 |    29 ||   241
Dodge: Dodged            |    76 |    64 |   141 |    51 ||   332
Block: Buckler           |    40 |    27 |    68 |    25 ||   160

Table legend: (Time is in decaauts)
 A = Elapsed time spent in this place.
 B = Non-inter-level travel time spent in this place.
 C = Inter-level travel time spent in this place.
 D = Time resting spent in this place.
 E = Time spent auto-exploring this place.
 F = Levels seen in this place.
 G = Mean time per level.
                   A        B        C        D        E       F      G
               +--------+--------+--------+--------+--------+-----+--------+
         Total |  11800 |  11322 |    478 |    252 |   9574 |  11 | 1072.7 |
       Dungeon |  11532 |  11068 |    464 |    252 |   9328 |  10 | 1153.2 |
        Temple |    268 |    254 |     14 |      0 |    246 |   1 |  268.0 |
               +--------+--------+--------+--------+--------+-----+--------+

Top non-repeatable levels by time:
     D:8: 2484 daAuts
     D:4: 1705 daAuts
     D:9: 1389 daAuts
     D:6: 1232 daAuts
     D:1: 1188 daAuts
     D:7: 1149 daAuts
     D:5: 950 daAuts
     D:2: 750 daAuts
     D:3: 645 daAuts
  Temple: 268 daAuts
    D:10: 36 daAuts
